 Dungeon Sprint DCSS version 0.23-a0-516-g0f8c245 (webtiles) character file.

1095 JosiahThimblerig the Cleaver (level 8, 0/78 HPs)
             Began as a Hill Orc Fighter on Dec 5, 2018.
             Was a Follower of Makhleb.
             Slain by a demonic crawler (1 damage)
             ... in the Dungeon (Sprint I: "Red Sonja").
             The game lasted 00:06:49 (436 turns).

JosiahThimblerig the Cleaver (Hill Orc Fighter)      Turns: 436, Time: 00:06:50

Health: 0/78       AC:  4    Str: 19    XL:     8   Next: 31%
Magic:  8/8        EV: 11    Int:  9    God:    Makhleb [*.....]
Gold:   270        SH: 11    Dex: 11    Spells: 7/7 levels left

rFire    . . .     SeeInvis .   a - +0 war axe
rCold    . . .     Gourm    .   c - +0 shield
rNeg     . . .     Faith    .   g - +2 robe
rPois    .         Spirit   .   (no helmet)
rElec    .         Reflect  .   (no cloak)
rCorr    .         Harm     .   (no gloves)
MR       .....     NoTele   +   (no boots)
Stlth    +.........             (no amulet)
HPRegen  0.23/turn              (no ring)
MPRegen  0.11/turn              (no ring)

@: hasted, very quick
A: no striking features
a: Renounce Religion


You were in the Dungeon.
You worshipped Makhleb.
Makhleb was aware of your devotion.
You were not hungry.

You visited 1 branch You collected 270 gold pieces.

Inventory:

Hand Weapons
 a - a +0 war axe (weapon)
 e - a +0 scythe
 j - a +0 dagger
 l - a +0 dagger
 o - a +0 dagger
Armour
 b - a +0 scale mail
 c - a +0 shield (worn)
 g - a +2 robe (worn)
 m - a +0 leather armour
 n - a +0 robe
 p - a +0 robe
Scrolls
 k - a scroll of blinking
Potions
 d - a potion of might
 i - 2 potions of magic
Comestibles
 f - a ration


   Skills:
 + Level 9.5 Fighting
 + Level 13.9 Axes
 + Level 10.0 Armour
 + Level 2.9 Dodging
 + Level 0.9 Stealth
 + Level 8.8 Shields


You had 7 spell levels left.
You didn't know any spells.
Your spell library was empty.

Dungeon Overview and Level Annotations

Branches:
Dungeon (1/1)

Altars:
Makhleb
Xom
Jiyva
Lugonu


Message History

The demonic crawler hits you but does no damage.
The demonic crawler barely misses you. The demonic crawler hits you!
You block the demonic crawler's attack. The demonic crawler hits you!
You barely miss the demonic crawler.
The demonic crawler is lightly wounded.
You hit the demonic crawler but do no damage.
The demonic crawler closely misses you. You block the demonic crawler's attack.
The demonic crawler hits you.
The demonic crawler closely misses you. x3
You block the demonic crawler's attack. The demonic crawler hits you.
You block the demonic crawler's attack.
You feel yourself speed up.
The demonic crawler hits you but does no damage.
You block the demonic crawler's attack. x2; The demonic crawler hits you.
* * * LOW HITPOINT WARNING * * *
The demonic crawler hits you!
* * * LOW HITPOINT WARNING * * *
The demonic crawler hits you!
* * * LOW HITPOINT WARNING * * *
The demonic crawler hits you.
You die...

##################
.#..'..#__#..†...#
.'..#..'..'..#..s##+#
'#####+#__####..@ss.#
.# #### #####s.+ ##
##


You could see 4 demonic crawlers.

Vanquished Creatures
  2 kobold demonologists (D)
  A slime creature (D)
  Sigmund (D)
  A floating eye (D)
  An ogre (D)
  Ijyb (D)
7 creatures vanquished.

Notes
Turn   | Place    | Note
-------+----------+-------------------------------------------
     0 | D        | JosiahThimblerig the Hill Orc Fighter began the quest for
                  | the Orb.
     0 | D        | Reached XP level 1. HP: 19/19 MP: 1/1
     1 | D        | Noticed Ijyb
    31 | D        | Killed Ijyb
    31 | D        | Reached skill level 4 in Axes
    31 | D        | Reached XP level 2. HP: 17/28 MP: 2/2
    31 | D        | Reached XP level 3. HP: 21/35 MP: 3/3
    35 | D        | Noticed an ogre
    40 | D        | Killed an ogre
    40 | D        | Reached skill level 6 in Axes
    40 | D        | Reached skill level 1 in Dodging
    40 | D        | Reached skill level 5 in Shields
    40 | D        | Reached XP level 4. HP: 14/44 MP: 4/4
    43 | D        | Noticed Sigmund
    51 | D        | Killed Sigmund
    51 | D        | Reached skill level 8 in Axes
    51 | D        | Reached XP level 5. HP: 42/52 MP: 5/5
    51 | D        | Reached XP level 6. HP: 49/60 MP: 6/6
   127 | D        | Found a burning altar of Makhleb.
   127 | D        | Found a viscous altar of Jiyva.
   127 | D        | Found a shimmering altar of Xom.
   127 | D        | Found a corrupted altar of Lugonu.
   127 | D        | Noticed a slime creature
   138 | D        | Killed a slime creature
   138 | D        | Reached skill level 10 in Axes
   138 | D        | Reached XP level 7. HP: 23/68 MP: 7/7
   354 | D        | Became a worshipper of Makhleb the Destroyer
   367 | D        | Noticed a kobold demonologist
   367 | D        | Noticed a kobold demonologist
   372 | D        | Reached skill level 11 in Axes
   382 | D        | Noticed a hellwing
   384 | D        | Noticed an orange demon
   386 | D        | Killed a kobold demonologist
   386 | D        | Reached skill level 13 in Axes
   387 | D        | Killed a kobold demonologist
   387 | D        | Reached * piety under Makhleb
   387 | D        | Reached skill level 10 in Armour
   387 | D        | Reached XP level 8. HP: 78/78 MP: 8/8
   431 | D        | Noticed a demonic crawler
   431 | D        | Noticed a demonic crawler
   431 | D        | Noticed a demonic crawler
   431 | D        | Noticed a demonic crawler
   436 | D        | HP: 1/78 [demonic crawler (7)]
   436 | D        | Slain by a demonic crawler

Vault maps used:
D:        dungeon_sprint_1

Skill      XL: |  1  2  3  4  5  6  7 |
---------------+----------------------+-----
Fighting       | 4 6 7 8 9 |  9.5
Axes           | 4 6 8 10 13 | 13.9
Armour         | 4 6 8 9 10 | 10.0
Shields        | 4 5 7 8 |  8.8
Dodging        | 1 2 |  2.9
Stealth        | |  0.9

Action                   |  1- 3 |  4- 6 |  7- 9 || total
-------------------------+-------+-------+-------++-------
Melee: War axe           |    33 |    14 |    20 ||    67
  Use: Potion            |       |     2 |     2 ||     4
Armor: Scale mail        |    10 |       |       ||    10
       Robe              |       |     1 |     3 ||     4
Dodge: Dodged            |     7 |     3 |     8 ||    18
Block: Shield            |    15 |     2 |    22 ||    39

Table legend:
 A = Non-vault XP
 B = Vault XP
 C = Vault XP percentage of total XP
 D = Non-vault monster count
 E = Vault monster count
 F = Vault count percentage of total count
                 A         B        C        D         E       F
            +---------+---------+-------+---------+---------+-------
      Total |       0 |    1565 | 100.0 |       0 |       7 | 100.0
            +---------+---------+-------+---------+---------+-------
          D |       0 |    1565 | 100.0 |       0 |       7 | 100.0
            +---------+---------+-------+---------+---------+-------
